 Dungeon Crawl Stone Soup version 0.23-a0-350-g6fd5563 (webtiles) character file.

25 JeffiDaFish the Grave Robber (level 2, 0/19 HPs)
             Began as a Vampire Necromancer on Oct 20, 2018.
             Slain by a worm (1 damage)
             ... on level 2 of the Dungeon.
             The game lasted 00:03:49 (1368 turns).

JeffiDaFish the Grave Robber (Vampire Necromancer)  Turns: 1368, Time: 00:03:49

Health: 0/19       AC:  2    Str:  7    XL:     2   Next: 86%
Magic:  0/5        EV: 13    Int: 17    God:
Gold:   114        SH:  0    Dex: 14    Spells: 4/5 levels left

rFire    . . .     SeeInvis +   d - +0 dagger
rCold    + . .     Gourm    .   (no shield)
rNeg     + + .     Faith    .   a - +0 robe
rPois    +         Spirit   .   (no helmet)
rElec    .         Reflect  .   (no cloak)
rCorr    .         Harm     .   (no gloves)
MR       .....                  (no boots)
Stlth    +++.......             h - amulet of regeneration
HPRegen  0.23/turn              (no ring)
MPRegen  0.09/turn              (no ring)

@: very slightly contaminated, regenerating slowly
A: fangs 3, see invisible, unbreathing
a: no special abilities


You were on level 2 of the Dungeon.
You were very thirsty.

You visited 1 branch of the dungeon, and saw 2 of its levels.

You collected 114 gold pieces.

Inventory:

Hand Weapons
 d - a +0 dagger (weapon)
Armour
 a - a +0 robe (worn)
Jewellery
 h - an amulet of regeneration (around neck)
Scrolls
 g - a scroll of identify
Potions
 b - a potion of magic
 c - 8 potions of blood
 e - a potion of haste
 f - a potion of resistance


   Skills:
 - Level 2.5 Dodging
 + Level 3.4 Stealth
 * Level 2.4 Spellcasting
 * Level 4.7 Necromancy


You had 4 spell levels left.
You knew the following spells:

 Your Spells              Type           Power        Failure   Level  Hunger
a - Pain                  Necr           ###.         2%          1    #......

Your spell library contained the following spells:

 Spells                   Type           Power        Failure   Level  Hunger
 Animate Skeleton         Necr           N/A          2%          1    #......
 Vampiric Draining        Necr           ###.......   8%          3    ###....
 Regeneration             Chrm/Necr      ##........   22%         3    ###....
 Animate Dead             Necr           N/A          26%         4    #####..


Dungeon Overview and Level Annotations

Branches:
Dungeon (2/15)

Altars:


Innate Abilities, Weirdness & Mutations

You heal slowly.
You have razor-sharp teeth.
You have supernaturally acute eyesight. (SInv)
You can survive without breathing.


Message History

The worm is heavily wounded.
The worm bites you.
You hit the worm. You bite the worm.
The worm is heavily wounded.
You hit the worm.
The worm is severely wounded.
The worm bites you!
* * * LOW HITPOINT WARNING * * *
You hit the worm but do no damage.
The worm is heavily wounded.
The worm misses you.
You hit the worm.
The worm is severely wounded.
Casting: Pain (safe; 2% risk of failure)
Confirm with . or Enter, or press ? or * to list all spells.
Aiming: Pain (safe; 2% risk of failure)
Press: ? - help, Shift-Dir - straight line, f/p - worm
Aim: a worm (severely wounded, chance to defeat MR: 84%)
The worm writhes in agony!
The worm bites you.
You die...

.#########..#####.#.# *.*
*#...** .#
#........#.###.##**.#.,, .#
#.................,,,,,, .#
#..####........###****** .#
#..####.#####..# .# #..##.>.#
#..# ## ##..##...#####..# #
#........#...#.##
#########..####.@.......#######
.......##..## #.w......#......#
######.##...###.#.....#.#####.#
#.##....##.##...#.## #.#
#.###..###.###.##.# #.#
#.###.............# #.#
#..............#### ####.###
###########.###.##### #...[...
.....w..........# #.#####.


You could see a worm.

Vanquished Creatures
  An ooze (D:2)
  3 leopard geckos
  A ball python (D:2)
  2 giant cockroaches
  A hobgoblin (D:1)
  A bat (D:1)
  A goblin (D:1)
  2 kobolds (D:1)
  9 rats
21 creatures vanquished.

Notes
Turn   | Place    | Note
-------+----------+-------------------------------------------
     0 | D:1      | JeffiDaFish the Vampire Necromancer began the quest for the
                  | Orb.
     0 | D:1      | Reached XP level 1. HP: 13/13 MP: 3/3
   274 | D:1      | Reached XP level 2. HP: 15/19 MP: 0/5
  1368 | D:2      | Slain by a worm

Vault maps used:
D:1:      scummos_arrival_checkerplants
D:2:      minmay_large_rounded_square

Action                   || total
-------------------------++-------
Melee: Dagger            ||    40
       Bite              ||     5
 Cast: Pain              ||    42
  Use: Scroll            ||     8
       Potion            ||     6
 Stab: Sleeping          ||     4
Armor: Robe              ||     7
Dodge: Dodged            ||    29

Table legend:
 A = Non-vault XP
 B = Vault XP
 C = Vault XP percentage of total XP
 D = Non-vault monster count
 E = Vault monster count
 F = Vault count percentage of total count
                 A         B        C        D         E       F
            +---------+---------+-------+---------+---------+-------
      Total |      37 |       0 |   0.0 |      21 |       0 |   0.0
            +---------+---------+-------+---------+---------+-------
        D:1 |      21 |       0 |   0.0 |      15 |       0 |   0.0
        D:2 |      16 |       0 |   0.0 |       6 |       0 |   0.0
            +---------+---------+-------+---------+---------+-------
